 Dungeon Crawl Stone Soup version 0.26.1-2-gb8aa6d0cf2 (webtiles) character file.

Game seed: 268761648383234892

140 Almogavar the Skirmisher (level 5, -2/46 HPs)
             Began as a Draconian Fighter on Mar 30, 2021.
             Was an Initiate of Makhleb.
             Slain by a phantom (10 damage)
             ... on level 3 of the Dungeon.
             The game lasted 00:06:36 (3821 turns).

Almogavar the Skirmisher (Draconian Fighter)        Turns: 3821, Time: 00:06:37

Health: -2/46      AC:  6    Str: 19    XL:     5   Next: 2%
Magic:  5/5        EV: 10    Int:  9    God:    Makhleb [......]
Gold:   143        SH:  9    Dex: 10    Spells: 4/4 levels left

rFire    . . .     SeeInvis .   a - +0 long sword
rCold    . . .     Faith    .   b - +0 kite shield
rNeg     . . .     Spirit   .   (armour unavailable)
rPois    +         Reflect  .   (helmet restricted)
rElec    .         Harm     .   (no cloak)
rCorr    .         Rampage  .   d - +0 pair of gloves
Will     .....                  (no boots)
Stlth    +.........             m - amulet of inaccuracy (curse)
HPRegen  0.15/turn              i - ring of poison resistance
MPRegen  0.09/turn              n - ring of wizardry

@: no status effects
A: unfitting armour, cold-blooded, AC +5
a: Renounce Religion


You were on level 3 of the Dungeon.
You worshipped Makhleb.
Makhleb was noncommittal.
You visited 1 branch of the dungeon, and saw 4 of its levels.

You collected 143 gold pieces.

Inventory:

Hand Weapons
 a - a +0 long sword (weapon)
Armour
 b - a +0 kite shield (worn)
 d - a +0 pair of gloves (worn)
Jewellery
 h - an uncursed ring of ice
 i - a ring of poison resistance (left hand)
 m - a cursed amulet of inaccuracy (around neck)
 n - a ring of wizardry (right hand)
Scrolls
 f - 2 scrolls of teleportation
 g - a scroll of enchant armour {unknown}
 j - 2 scrolls of enchant weapon
 l - 2 scrolls of immolation {unknown}
 o - a scroll of fog {unknown}
Potions
 c - 2 potions of might
 k - a potion of mutation
 p - a potion of flight {unknown}
 q - 2 potions of berserk rage {unknown}
 r - a potion of curing {unknown}
 s - a potion of haste {unknown}
 t - a potion of degeneration {unknown}


   Skills:
 + Level 3.9 Fighting
 + Level 3.2 Long Blades
 + Level 3.4 Dodging
 + Level 1.1 Stealth
 + Level 3.8 Shields


You had 4 spell levels left.
You didn't know any spells.
Your spell library was empty.

Dungeon Overview and Level Annotations

Branches:
Dungeon (4/15)
 Temple: D:4-7

Altars:
Makhleb
Trog
Wu Jian


Innate Abilities, Weirdness & Mutations

Your plain brown scales are hard. (AC +5)
You cannot fit into any form of body armour.
You are cold-blooded and may be slowed by cold attacks.


Message History

You miss the phantom.
The phantom is moderately damaged.
The phantom hits you but does no damage.
You miss the phantom.
Your tail-slap misses the phantom.
The phantom is moderately damaged.
You block the phantom's attack. The phantom hits you.
* * * LOW HITPOINT WARNING * * *
You miss the phantom.
Your tail-slap misses the phantom.
The phantom is moderately damaged.
The phantom hits you but does no damage.
You miss the phantom.
The phantom is moderately damaged.
The phantom hits you.
* * * LOW HITPOINT WARNING * * *
The phantom blinks!
You hit the phantom.
The phantom is moderately damaged.
The phantom hits you but does no damage.
The phantom hits you!
You die...

#.............#
#.###########.############### #.#
#.#...).........#
#.###########.#.###########.#
#####.#.........#...## #.#
#....................# ###.#
#.###.#.#####.#.##...###### #....
#.##....# ##.##..#........###.(..
#...###.###.##)W@....#..>........
#...####.###<#.)>#.....#.####....
..##.# ##........................
..#.## #..###..##.#####..#######
...## ##)................#######
.#.## ##.#.#######.#.........)...
.#..###.##.# #.#.##...#######
.#.....###.#######.#.##...#
.#...### #.#.......#.##...#######


You could see a phantom.

Vanquished Creatures
  3 gnolls
  3 adders
  A white imp (D:3)
  An ooze (D:2)
  7 worms
  A leopard gecko (D:1)
  4 orcs (D:3)
  A ball python (D:3)
  5 bats
  2 giant cockroaches (D:1)
  5 goblins
  4 hobgoblins
  5 kobolds
  A quokka (D:4)
  8 frilled lizards
  4 rats (D:1)
55 creatures vanquished.

Vanquished Creatures (others)
  4 toadstools (D:1)
4 creatures vanquished.

Grand Total: 59 creatures vanquished

Notes
Turn   | Place    | Note
-------+----------+-------------------------------------------
     0 | D:1      | Almogavar the Draconian Fighter began the quest for the
                  | Orb.
     0 | D:1      | Reached XP level 1. HP: 19/19 MP: 1/1
   134 | D:1      | Reached XP level 2. HP: 26/26 MP: 2/2
  1017 | D:2      | Found a bloodstained altar of Trog.
  1034 | D:2      | Reached XP level 3. HP: 26/33 MP: 3/3
  1937 | D:2      | Found an ornate altar of the Wu Jian Council.
  2011 | D:3      | Reached XP level 4. HP: 30/40 MP: 4/4
  2289 | D:3      | Reached skill level 1 in Stealth
  2730 | D:3      | Found a burning altar of Makhleb.
  2743 | D:3      | Became a worshipper of Makhleb the Destroyer
  3605 | D:4      | Noticed a phantom
  3791 | D:3      | Reached XP level 5. HP: 4/46 MP: 5/5
  3792 | D:3      | HP: 2/46 [phantom (2)]
  3821 | D:3      | Slain by a phantom

Illustrated notes

Levels and vault maps discovered:
D:1:      ldierk_water_garden, layout_basic
D:2:      layout_basic, pdpol_wu_jian_five_deadly_venoms,
          overflow_temple_1_default, minmay_misc_feat_square
D:3:      layout_loops_ring, nicolae_overflow_crystal_walls
D:4:      layout_loops_ring, minmay_overflow_temple_star_quad, st_stairs_8,
          minmay_unequal

Skill      XL: |  1  2  3  4 |
---------------+-------------+-----
Dodging        | 3 |  3.4
Stealth        | 1 |  1.1
Long Blades    | 3 |  3.2
Fighting       | |  3.9
Shields        | |  3.8

Action                   |  1- 3 |  4- 6 || total
-------------------------+-------+-------++-------
Melee: Long sword        |    94 |   102 ||   196
       Tailslap          |    12 |    12 ||    24
  Use: Scroll            |     3 |     3 ||     6
       Potion            |       |     1 ||     1
 Stab: Sleeping          |     3 |       ||     3
Armor: Skin              |    26 |    22 ||    48
Dodge: Dodged            |    33 |    50 ||    83
Block: Kite shield       |    41 |    44 ||    85
       Rpst.: Long sword |    13 |    11 ||    24
